 Dungeon Crawl Stone Soup version 0.29.1-1-gd02db6906a (webtiles) character file.

Game seed: 12833890012812029897

1185 xian the Chopper (level 8, 0/55 (63) HPs)
             Began as a Demonspawn Abyssal Knight on Oct 8, 2022.
             Was an Elder of Lugonu.
             Slain by a wight
             ... wielding a +4 flail of freezing
              (7 damage)
             ... on level 6 of the Dungeon.
             The game lasted 00:16:19 (5773 turns).

xian the Chopper (Demonspawn Abyssal Knight)        Turns: 5773, Time: 00:16:20

HP:   0/55 (63)     AC: 17    Str: 16    XL:     8   Next: 19%
MP:   9/9           EV:  7    Int: 12    God:    Lugonu [****..]
Gold: 334           SH:  5    Dex: 13    Spells: 7/7 levels left

rFire   . . .      SeeInvis +   a - +1 hand axe
rCold   . . .      Faith    .   (no shield)
rNeg    . . .      Spirit   .   r - +0 chain mail
rPois   .          Reflect  +   (helmet unavailable)
rElec   .          Harm     .   (no cloak)
rCorr   .          Rampage  .   m - +0 pair of gloves
Will    .....                   d - +0 pair of boots
Stlth   ..........              y - amulet of reflection
HPRegen 0.18/turn               n - +4 ring of protection
MPRegen 0.11/turn               (no ring)

@: heavily drained
A: antennae 3, rugged brown scales 1, demonic guardian 1, foul stench 1
a: Renounce Religion, Depart the Abyss, Bend Space, Banish, Corrupt


You were on level 6 of the Dungeon.
You worshipped Lugonu.
Lugonu was greatly pleased with you.
You visited 2 branches of the dungeon, and saw 7 of its levels.
You visited the Abyss 1 time.

You collected 334 gold pieces.

Inventory:

Hand Weapons
 a - a +1 hand axe (weapon)
Missiles
 o - 34 stones
 p - 6 boomerangs
 v - a javelin (quivered)
Armour
 d - a +0 pair of boots (worn)
 m - a +0 pair of gloves (worn)
 r - a +0 chain mail (worn)
 z - a +0 pair of boots
Magical Staves
 g - a staff of poison
Jewellery
 n - a +4 ring of protection (left hand)
 y - an amulet of reflection (around neck)
Wands
 C - a wand of flame (11)
Scrolls
 b - 2 scrolls of brand weapon {unknown}
 c - a scroll of enchant armour {unknown}
 f - 3 scrolls of identify
 h - 2 scrolls of teleportation {unknown}
 j - a scroll of butterflies {unknown}
 k - 2 scrolls of immolation {unknown}
 s - 2 scrolls of enchant weapon {unknown}
 t - 3 scrolls of fear
 u - 3 scrolls of poison {unknown}
 w - a scroll of noise {unknown}
 A - a scroll of silence {unknown}
Potions
 e - 3 potions of heal wounds
 i - 2 potions of mutation {unknown}
 l - a potion of resistance {unknown}
 q - a potion of ambrosia {unknown}
 x - a potion of degeneration {unknown}
 B - a potion of brilliance {unknown}


   Skills:
 + Level 5.2 Fighting
 + Level 6.4 Axes
 + Level 1.0 Throwing
 + Level 4.4 Armour
 + Level 1.9 Dodging
 + Level 0.3 Stealth
 + Level 1.3 Shields
 + Level 2.4 Invocations


You had 7 spell levels left.
You didn't know any spells.
Your spell library contained the following spells:

 Spells                   Type           Power      Damage    Failure   Level
 Static Discharge         Conj/Air       0%         3-3/arc   100%        2
 Sublimation of Blood     Necr           0%         N/A       100%        2
 Wereblood                Tmut           0%         N/A       100%        2
 Ignite Poison            Fire/Tmut/Pois 0%         N/A       100%        3
 Mephitic Cloud           Conj/Pois/Air  0%         N/A       100%        3
 Summon Guardian Golem    Hex/Summ       0%         N/A       100%        3
 Dispel Undead            Necr           0%         3d6       100%        4
 Sticky Flame             Conj/Fire      0%         2d3       100%        4
 Freezing Cloud           Conj/Ice/Air   0%         6-21      100%        5
 Orb of Destruction       Conj           0%         9d5       100%        7
 Spellforged Servitor     Conj/Summ      0%         N/A       100%        7
 Summon Hydra             Summ           0%         N/A       100%        7


Dungeon Overview and Level Annotations

Branches:
Dungeon (6/15)             Temple (1/1) D:5

Altars:
Makhleb
Qazlal
Uskayaw


Innate Abilities, Weirdness & Mutations

You have a pair of large antennae on your head. (SInv)
You are partially covered in rugged brown scales. (AC +1, +3% HP)
A weak demonic guardian rushes to your aid.
You may rarely emit foul miasma when damaged in melee.


Message History

The phantom hits you but does no damage.
Your white imp gestures at the phantom.
The puff of frost misses the phantom.
You hit the phantom but do no damage.
The phantom is severely damaged.
You hit the wight but do no damage. The wight hits you but does no damage.
The phantom hits you.
* * * LOW HITPOINT WARNING * * *
Your white imp barely misses the phantom.
Unknown command.
The wight attacks as you move away! The wight barely misses you.
The phantom closely misses your white imp.
Your white imp gestures at the phantom.
The puff of frost hits the phantom.
The phantom resists.
You hit the wight but do no damage.
The wight is lightly damaged.
The phantom hits your white imp.
The phantom blinks!
Your white imp blinks!
The wight hits you with a +4 flail of freezing.
* * * LOW HITPOINT WARNING * * *
You feel drained.
* * * LOW HITPOINT WARNING * * *
The wight freezes you.
* * * LOW HITPOINT WARNING * * *
Unknown command.
You closely miss the wight.
The wight is lightly damaged.
You barely miss the white imp.
Your white imp hits the phantom but does no damage.
The wight hits you but does no damage.
The white imp shouts, "Kneel, thou rank sow-suckled haggard!"
The white imp closely misses you. The phantom hits your white imp.
The phantom blinks!
Okay, then.
Okay, then.
As you read the scroll labelled SOPIUS CEVISAE, it crumbles to dust.
It is a scroll of identify.
t - 3 scrolls of fear The wight hits you with a +4 flail of freezing!
You die...

##........ #####..#####.. ######
##########.....## #..# .....##
#......<...##### ##.##
####).####..########## #..#
##.........# #.## ...##..#####
####.#
######....################....###
#########..5§.§z@........#.......
...)...........5...#####.........
##################.......†.......
#######........> #.#.....)[
#>#####.## ##[# #.# #..# #.# #.##
#.#


You could see a wight and a white imp.

Vanquished Creatures
  Eustachio (D:6)
  A black bear (D:4)
  A scorpion (D:5)
  2 wights (D:6)
  A hound (D:5)
  4 orc priests
  4 iguanas
  3 orc wizards
  7 adders
  6 gnolls (D:4)
  2 shadow imps
  2 worms
  4 dart slugs
  9 orcs
  2 ball pythons
  31 goblins
  21 hobgoblins
  8 kobolds
  6 quokkas
  2 bats (D:2)
  2 frilled lizards
  5 rats
124 creatures vanquished.

Vanquished Creatures (collateral kills)
  A black bear (D:5)
  A necrophage (D:5)
  An orc wizard (D:6)
  3 gnolls (D:4)
  An orc (D:6)
  2 goblins (D:4)
9 creatures vanquished.

Vanquished Creatures (others)
  5 plants (D:4)
5 creatures vanquished.

Grand Total: 138 creatures vanquished

Notes
Turn   | Place    | Note
-------+----------+-------------------------------------------
     0 | Abyss:1  | xian the Demonspawn Abyssal Knight began the quest for the
                  | Orb.
     0 | Abyss:1  | Reached XP level 1. HP: 18/18 MP: 2/2
    15 | Abyss:1  | Found a corrupted altar of Lugonu.
    37 | D:1      | Escaped the Abyss
   134 | D:1      | You fall into a shaft and drop 1 floor!
   163 | D:2      | Gained mutation: You may rarely emit foul miasma when
                  | damaged in melee. [demonic ancestry]
   163 | D:2      | Reached XP level 2. HP: 24/24 MP: 3/3
   604 | D:2      | Reached skill level 2 in Axes
   604 | D:2      | Reached XP level 3. HP: 20/30 MP: 4/4
  1089 | D:2      | Reached skill level 1 in Dodging
  2158 | D:4      | Reached skill level 3 in Axes
  2158 | D:4      | Gained mutation: A weak demonic guardian rushes to your
                  | aid. [demonic ancestry]
  2158 | D:4      | Reached XP level 4. HP: 17/37 MP: 5/5
  2232 | D:4      | Found a stormy altar of Qazlal.
  2349 | D:4      | Reached *** piety under Lugonu
  2397 | D:4      | Identified the +1 leather armour of the Hart {Dex+3 Stlth+}
  2633 | D:4      | Noticed a black bear
  2654 | D:4      | Killed a black bear
  2655 | D:4      | Gained mutation: You are partially covered in rugged brown
                  | scales. (AC +1, +3% HP) [demonic ancestry]
  2655 | D:4      | Reached XP level 5. HP: 23/43 MP: 6/6
  2679 | D:4      | HP: 2/43 [hobgoblin/+0 club (2)]
  2695 | D:4      | HP: 2/43 [gnoll/+0 spear (3)]
  2698 | D:4      | Reached skill level 4 in Axes
  3111 | D:4      | Gained mutation: You have a pair of small antennae on your
                  | head. [demonic ancestry]
  3111 | D:4      | Reached XP level 6. HP: 41/49 MP: 7/7
  3331 | D:4      | Reached **** piety under Lugonu
  4088 | D:5      | Entered Level 5 of the Dungeon
  4270 | D:5      | Found a staircase to the Ecumenical Temple.
  4359 | Temple   | Entered the Ecumenical Temple
  4393 | D:5      | Reached skill level 5 in Axes
  4393 | D:5      | Gained mutation: You have a pair of antennae on your head.
                  | [demonic ancestry]
  4393 | D:5      | Reached XP level 7. HP: 55/56 MP: 8/8
  4517 | D:5      | Found a hide-covered altar of Uskayaw.
  4789 | D:5      | Found a burning altar of Makhleb.
  4988 | D:5      | Reached skill level 5 in Fighting
  5359 | D:6      | Noticed Eustachio
  5412 | D:6      | Killed Eustachio
  5413 | D:6      | Reached skill level 6 in Axes
  5413 | D:6      | Reached skill level 1 in Shields
  5413 | D:6      | Gained mutation: You have a pair of large antennae on your
                  | head. (SInv) [demonic ancestry]
  5413 | D:6      | Reached XP level 8. HP: 16/63 MP: 9/9
  5737 | D:6      | Reached skill level 1 in Throwing
  5766 | D:6      | HP: 2/56 [wight/+4 flail of freezing (1)]
  5773 | D:6      | Slain by a wight

Illustrated notes

Levels and vault maps discovered:
D:1:      wander_arrival_estate, layout_loops_ring
D:2:      layout_loops_corners
D:3:      layout_loops_corners, st_stairs_13
D:4:      minmay_goblin_kobold_castle, layout_basic,
          mainiacjoe_overflow_cross_hatched, serial_bayou_pond_e
D:5:      layout_basic, makhleb_blood_cavern_becter, nicolae_uskayaw_suspiria,
          minmay_temple_entry_stoned_glass
D:6:      layout_rooms, uniq_grinder, uniq_eustachio
Temple:   nicolae_temple_superstar

Skill      XL: |  1  2  3  4  5  6  7  8 |
---------------+-------------------------+-----
Armour         | 2 3 4 |  4.4
Axes           | 2 3 4 5 6 |  6.4
Dodging        | 1 |  1.9
Fighting       | 4 5 |  5.2
Shields        | 1 |  1.3
Throwing       | 1 |  1.0
Stealth        | |  0.3
Invocations    | |  2.4

Action                   |  1- 3 |  4- 6 |  7- 9 || total
-------------------------+-------+-------+-------++-------
Melee: Hand axe          |    99 |   206 |   182 ||   487
       Punch             |     1 |     4 |     2 ||     7
Throw: Stone             |    12 |     2 |       ||    14
       Javelin           |       |     8 |     8 ||    16
  Use: Scroll            |       |       |     1 ||     1
       Potion            |       |       |     1 ||     1
Armor: Leather armour    |    33 |       |       ||    33
       Chain mail        |    30 |   219 |    93 ||   342
Dodge: Dodged            |    59 |   100 |    46 ||   205
Block: Other             |       |     1 |    42 ||    43
